 Dungeon Crawl Stone Soup version 0.15-a0-1004-gbf4e2e6 (console) character file.

70 Kellhus the Ruinous (level 4, -1/30 HPs)
             Began as a Mummy Wizard on May 25, 2014.
             Killed from afar by Ijyb (7 damage)
             ... with a wand of magic darts
             ... on Level 2 of the Dungeon.
             The game lasted 00:02:48 (2215 turns).

Kellhus the Ruinous (Mummy Wizard)                  Turns: 2215, Time: 00:02:49

HP  -1/30        AC  2     Str 10      XL: 4   Next:  3%
MP   3/9         EV 12     Int 18      God:
Gold 21          SH  0     Dex 10      Spells:  1 memorised,  8 levels left

rFire  x . .     SeeInvis .     (no weapon)
rCold  + . .     Clarity  .     a - +0 robe
rNeg   + + +     Conserve .     (no shield)
rPois  +         rCorr    .     b - +0 hat
rElec  .         rRot     +     (no cloak)
SustAb .         Spirit   .     (no gloves)
rMut   .         Warding  .     (no boots)
Gourm  .         Stasis   .     (no amulet)
MR     .....                    (no ring)
                                (no ring)

@: not resistant to hostile enchantments, unstealthy
A: no food or potions, fire vulnerability, restore body, cold resistance 1, life
protection 3, poison resistance, torment resistance, unbreathing
a: no special abilities


You were on level 2 of the Dungeon.
You were not hungry.

You visited 1 branch of the dungeon, and saw 2 of its levels.

You collected 21 gold pieces.

Inventory:

Hand weapons
 e - a +2,+2 dagger of holy wrath
Armour
 a - a +0 robe (worn)
 b - a +0 hat (worn)
Scrolls
 d - a scroll of enchant armour {unknown}
 f - a scroll of identify {unknown}
 g - a scroll of teleportation {unknown}
 h - a scroll of fear {unknown}
Books
 c - a book of Minor Magic

   Spells                             Type                      Level
   *Magic Dart                        Conjuration                  1
   Blink                              Translocation                2
   Call Imp                           Summoning                    2
   Repel Missiles                     Charms/Air                   2
   Slow                               Hexes                        2
   Conjure Flame                      Conjuration/Fire             3
   Mephitic Cloud                     Conjuration/Poison/Air       3


   Skills:
 - Level 1.5 Dodging
 - Level 1.5 Stealth
 - Level 3.0 Spellcasting
 + Level 3.2 Conjurations
   Level 0.7 Summonings
   Level 0.7 Translocations


You had 8 spell levels left.
You knew the following spells:

 Your Spells              Type           Power        Failure   Level  Hunger
a - Magic Dart            Conj           ##..         6%          1    N/A

Dungeon Overview and Level Annotations

Branches:
Dungeon (2/15)

Altars:

Annotations:
D:2 Ijyb


Innate Abilities, Weirdness & Mutations

You do not eat or drink.
Your flesh is vulnerable to fire.
Your flesh is cold resistant.
You are immune to negative energy.
Your system is resistant to poisons.
You are immune to unholy pain and torment.
You can survive without breathing.


Message History

The magic dart hits Ijyb.
Ijyb is heavily wounded.
Casting: Magic Dart
Confirm with . or Enter, or press ? or * to list all spells.
Aiming: Magic Dart
Press: ? - help, Shift-Dir - straight line, f/p - Ijyb
Aim: Ijyb, wielding a glowing dagger and carrying a wand of magic darts {zapped: 2} (heavily wounded)
The magic dart hits Ijyb.
Ijyb is heavily wounded.
Ijyb zaps a wand.
The magic dart hits you!
* * * LOW HITPOINT WARNING * * *
Casting: Magic Dart
Confirm with . or Enter, or press ? or * to list all spells.
Aiming: Magic Dart
Press: ? - help, Shift-Dir - straight line, f/p - Ijyb
Aim: Ijyb, wielding a glowing dagger and carrying a wand of magic darts {zapped: 3} (heavily wounded)
The magic dart hits Ijyb.
Ijyb is severely wounded.
Ijyb zaps a wand.
The magic dart hits you!
You die...

..........###.##.#####.#
...######..............#
.#.# #####.#..#####.#
...## #..........# ....#
####.#####.## .##.#
#........# .....
##.#####..# .##.##
#.........# .# .
#.@#####..# .#
#.....g...# ..
#...###... . ##... ##.##
.# .# .# #


You could see Ijyb.

Vanquished Creatures
  2 adders (D:2)
  A worm (D:2)
  2 giant geckos
  2 giant cockroaches (D:1)
  5 goblins
  8 hobgoblins
  4 bats (D:1)
  5 giant newts
  8 kobolds
  9 rats
46 creatures vanquished.

Notes
Turn   | Place    | Note
--------------------------------------------------------------
     0 | D:1      | Kellhus, the Mummy Wizard, began the quest for the Orb.
     0 | D:1      | Reached XP level 1. HP: 13/13 MP: 4/4
    13 | D:1      | Reached skill level 1 in Conjurations
   232 | D:1      | Reached XP level 2. HP: 19/19 MP: 1/6
  1130 | D:1      | Reached XP level 3. HP: 24/24 MP: 3/7
  2014 | D:2      | Reached XP level 4. HP: 30/30 MP: 0/9
  2209 | D:2      | Noticed Ijyb
  2215 | D:2      | Killed from afar by Ijyb

Action                   |  1- 3 |  4- 6 || total
-------------------------+-------+-------++-------
Melee: Unarmed           |    15 |       ||    15
 Cast: Magic Dart        |   120 |    10 ||   130
